Map: Glittering Ashes LE

Players

Pumba - Winner!

  • Race: Protoss Protoss
  • League: Master
  • Spawn Location: 1:00

Ryan

  • Race: Zerg Zerg
  • League: Master
  • Spawn Location: 7:00

VOD

Have the link to the VOD?

Description

Time

  • Played on: April 12, 2022, 9:31 p.m.
  • Length: 12:27
Show
View Real Time Build Order
Export as new Build Order

Pumba Protoss - Winner!

Build Orders: 1 Gate Expand, Oracle Opening 

Get SALT Encoding   

  12  0:00  Probe  
  13  0:12  Probe  
  14  0:19  Pylon  
  14  0:24  Probe  
  15  0:28  Assimilator  
  15  0:37  Probe (Chrono Boost)  
  16  0:47  Gateway  
  16  0:48  Probe (Chrono Boost)  
  17  0:53  Probe (Chrono Boost)  
  18  1:03  Probe  
  19  1:15  Probe  
  20  1:23  Nexus  
  20  1:35  Cybernetics Core  
  20  1:37  Probe  
  21  1:46  Assimilator  
  21  1:50  Probe, Pylon  
  22  2:02  Probe  
  23  2:09  Adept (Chrono Boost)  
  25  2:16  Stargate  
  25  2:18  Probe  
  26  2:22  Warp Gate  
  26  2:29  Adept (Chrono Boost)  
  26  2:34  Probe (Chrono Boost)  
  26  2:36  Probe (Chrono Boost)  
  31  2:46  Probe (Chrono Boost)  
  31  2:47  Probe (Chrono Boost)  
  32  2:51  Gateway  
  32  2:55  Probe x2  
  34  3:01  Oracle (Chrono Boost)  
  37  3:07  Probe  
  38  3:13  Probe  
  38  3:16  Pylon  
  38  3:19  Probe  
  40  3:25  Probe  
  41  3:28  Adept  
  41  3:31  Probe  
  42  3:37  Probe  
  43  3:41  Nexus  
  43  3:43  Oracle (Chrono Boost), Probe  
  47  3:49  Probe  
  47  3:52  Pylon  
  48  3:58  Probe  
  49  4:07  Probe  
  49  4:09  Assimilator  
  50  4:10  Probe  
  50  4:11  Adept x2  
  50  4:13  Assimilator  
  55  4:23  Probe x2  
  57  4:28  Gateway  
  57  4:30  Gateway  
  57  4:31  Stalker  
  57  4:35  Probe x2  
  61  4:42  Shield Battery  
  57  4:47  Probe x2  
  59  4:55  Probe (Chrono Boost)  
  59  4:59  Adept, Probe (Chrono Boost)  
  62  5:00  Adept  
  62  5:04  Probe (Chrono Boost)  
  62  5:05  Twilight Council  
  62  5:07  Probe (Chrono Boost)  
  62  5:10  Probe (Chrono Boost)  
  62  5:12  Probe (Chrono Boost)  
  62  5:13  Probe (Chrono Boost)  
  65  5:14  Probe (Chrono Boost)  
  65  5:18  Forge  
  65  5:21  Robotics Facility  
  66  5:22  Probe  
  66  5:23  Probe  
  66  5:25  Sentry x2, Probe  
  66  5:26  Sentry  
  66  5:27  Sentry  
  77  5:42  Probe x3  
  77  5:48  Pylon  
  77  5:50  Pylon  
  77  6:06  Probe x3  
  77  6:07  Protoss Ground Weapons Level 1 (Chrono Boost), Blink (Chrono Boost)  
  77  6:09  Sentry x2, Stalker x2, Assimilator  
  77  6:11  Void Ray (Chrono Boost)  
  92  6:13  Assimilator  
  93  6:18  Probe, Pylon  
  93  6:21  Probe x2  
  93  6:22  Pylon  
  91  6:30  Probe  
  92  6:33  Probe  
  92  6:36  Probe, Pylon  
  92  6:38  Pylon  
  94  6:40  Gateway  
  94  6:41  Observer (Chrono Boost), Gateway  
  94  6:42  Probe  
  94  6:44  Gateway  
  97  6:47  Gateway, Probe  
  97  6:48  Robotics Facility  
  97  6:52  Pylon  
  97  6:56  Robotics Bay  
  97  7:05  Stalker  
  97  7:08  Pylon  
  99  7:10  Warp Prism (Chrono Boost)  
  99  7:12  Stalker x3  
  107  7:29  Stalker  
  109  7:40  Stalker x6  
  109  7:42  Colossus (Chrono Boost)  
  109  7:43  Colossus (Chrono Boost)  
  121  7:49  Extended Thermal Lance  
  133  7:52  Nexus  
  133  8:05  Charge (Chrono Boost)  
  133  8:07  Protoss Ground Weapons Level 2 (Chrono Boost)  
  133  8:10  Pylon  
  133  8:12  Pylon  
  133  8:14  Shield Battery, Pylon  
  133  8:16  Pylon  
  133  8:24  Zealot, Stalker  
  133  8:25  Stalker x2  
  141  8:36  Assimilator  
  141  8:38  Assimilator  
  141  8:48  Stalker x8  
  153  8:55  Photon Cannon  
  153  8:57  Photon Cannon  
  153  8:59  Shield Battery, Photon Cannon  
  153  9:00  Photon Cannon  
  153  9:01  Shield Battery  
  141  9:11  Disruptor (Chrono Boost), Warp Prism (Chrono Boost)  
  146  9:17  Probe x2  
  146  9:21  Probe x2, Photon Cannon  
  150  9:24  Pylon  
  150  9:34  Templar Archives  
  150  9:35  Probe x2  
  152  9:39  Gateway  
  152  9:41  Pylon  
  152  9:42  Gateway  
  152  9:45  Gateway  
  152  9:48  Disruptor (Chrono Boost)  
  157  9:56  Disruptor (Chrono Boost)  
  157  9:58  Gateway  
  157  10:08  Zealot x8  
  173  10:44  High Templar x11  
  173  10:48  Archon x2  
  173  10:49  Archon x3  
  195  10:56  High Templar  
  196  11:06  Photon Cannon  
  193  11:18  Stalker x5  
  194  11:21  Probe x2  
  192  11:31  Archon  
  188  11:34  Zealot x6  
Show
View Real Time Build Order
Export as new Build Order

Ryan Zerg 

Build Orders: Hatch First 

Get SALT Encoding   

  12  0:00  Drone  
  13  0:12  Overlord  
  13  0:16  Drone  
  14  0:32  Drone x2  
  16  0:47  Hatchery  
  15  0:51  Drone  
  15  0:54  Drone  
  17  0:57  Drone  
  18  1:09  Extractor  
  17  1:13  Spawning Pool  
  17  1:15  Drone  
  17  1:21  Drone  
  18  1:28  Drone  
  19  1:39  Drone  
  20  1:51  Drone  
  21  1:59  Queen  
  21  2:00  Queen  
  25  2:02  Zergling x4  
  27  2:10  Overlord  
  27  2:19  Hatchery  
  26  2:25  Drone x2  
  26  2:29  Drone  
  29  2:33  Zergling x4  
  31  2:40  Metabolic Boost  
  31  2:44  Overlord  
  31  2:51  Drone  
  32  2:58  Drone x2  
  33  3:03  Queen  
  35  3:11  Queen  
  37  3:13  Overlord  
  37  3:16  Drone x3  
  39  3:30  Extractor  
  39  3:31  Drone  
  39  3:32  Drone x6  
  45  3:41  Roach Warren  
  44  3:42  Drone, Extractor  
  44  3:44  Drone  
  44  3:48  Overlord  
  45  4:02  Zergling x6  
  46  4:08  Zergling x6  
  49  4:10  Queen  
  49  4:12  Drone x3  
  49  4:14  Spore Crawler  
  53  4:17  Overlord  
  53  4:27  Drone x6  
  57  4:36  Drone x3  
  58  4:41  Overlord  
  58  4:46  Drone x4  
  58  4:53  Drone x2  
  58  4:58  Drone x3  
  61  5:02  Extractor  
  59  5:09  Drone x4  
  59  5:10  Extractor  
  62  5:23  Lair  
  62  5:28  Drone x2  
  64  5:30  Drone x6  
  68  5:37  Zergling x10  
  71  5:45  Roach  
  71  5:46  Overlord x2  
  73  5:53  Drone x3  
  72  6:02  Drone x3  
  70  6:26  Nydus Network  
  70  6:27  Roach  
  70  6:28  Roach x9  
  89  6:36  Glial Reconstitution  
  89  6:38  Overseer  
  89  6:52  Overlord x5  
  88  7:03  Nydus Canal  
  88  7:05  Drone  
  88  7:07  Spire  
  88  7:08  Drone  
  89  7:09  Overlord x3  
  89  7:10  Extractor x2  
  85  7:16  Drone x7  
  85  7:20  Nydus Canal  
  92  7:23  Drone x4  
  92  7:29  Drone x2  
  98  7:35  Drone x2, Evolution Chamber  
  99  7:45  Hatchery  
  98  7:59  Roach x10  
  98  8:00  Spore Crawler  
  98  8:01  Ravager x2  
  119  8:06  Ravager x4  
  119  8:07  Ravager x2, Overlord  
  119  8:09  Spore Crawler, Zerg Missile Weapons Level 1  
  124  8:21  Mutalisk x4  
  124  8:23  Mutalisk  
  134  8:28  Overseer  
  134  8:30  Overlord x2  
  134  8:32  Roach x3  
  140  8:39  Drone  
  141  8:47  Roach  
  141  8:48  Roach x5  
  153  8:49  Overseer  
  147  9:05  Hatchery  
  147  9:08  Hatchery  
  145  9:11  Drone x12  
  145  9:12  Drone x2  
  159  9:19  Infestation Pit  
  159  9:21  Evolution Chamber  
  157  9:26  Baneling Nest  
  157  9:28  Queen x2  
  157  9:29  Queen  
  162  9:38  Overlord x2  
  162  9:42  Zerg Flyer Weapons Level 1  
  162  9:48  Overlord  
  162  9:49  Overlord x3  
  162  9:52  Overseer  
  162  10:03  Corruptor x4  
  166  10:10  Hive  
  166  10:11  Centrifugal Hooks  
  166  10:19  Zerg Melee Weapons Level 1  
  166  10:22  Ravager x4  
  170  10:29  Zergling x14  
  170  10:30  Zergling x2  
  170  10:35  Zergling x10  
  183  10:41  Zergling x10  
  188  10:43  Overlord  
  178  10:57  Zergling x2  
  178  10:58  Zergling x28  
  178  11:00  Baneling x4  
  178  11:01  Baneling x3  
  190  11:10  Corruptor x3  
  182  11:19  Zergling x2  
  182  11:20  Zergling x18  
  159  11:29  Zergling x10  
  159  11:30  Zergling x6  
  159  11:32  Baneling x8  
  155  11:33  Baneling x2  
  155  11:34  Baneling  
  155  11:35  Baneling  
Tags
 
Add a new tag
Caveats
  • Supply blocks, unpowered buildings, or Contaminate may cause inaccurate times.
  • Supply counts are checked every 10 seconds.